 Dungeon Crawl Stone Soup version 0.28.0-53-g5a82cb258f (webtiles) character file.

Game seed: 15080929591534572475

50 Sin92 the Skirmisher (level 3, -4/29 HPs)
             Began as a Demonspawn Chaos Knight on July 15, 2022.
             Was a Plaything of Xom.
             Killed by divine providence
             ... invoked by an orc priest
              (16 damage)
             ... on level 3 of the Dungeon.
             The game lasted 00:02:52 (1652 turns).

Sin92 the Skirmisher (Demonspawn Chaos Knight)      Turns: 1652, Time: 00:02:52

Health: -4/29      AC:  6    Str: 14    XL:     3   Next: 55%
Magic:  4/4        EV: 11    Int: 13    God:    Xom [....*.]
Gold:   58         SH:  0    Dex: 14    Spells: 3/3 levels left

rFire   . . .      SeeInvis .   g - +4 dagger
rCold   . . .      Faith    .   (no shield)
rNeg    . . .      Spirit   .   b - +2 leather armour
rPois   +          Reflect  .   (no helmet)
rElec   .          Harm     .   (no cloak)
rCorr   .          Rampage  .   d - +0 pair of gloves
Will    +....                   (no boots)
Stlth   +.........              j - amulet of magic regeneration
HPRegen 0.09/turn               (no ring)
MPRegen 0.49/turn               (no ring)

@: no status effects
A: spiny 1, agile 1, strong-willed 1, poison resistance
a: Renounce Religion


You were on level 3 of the Dungeon.
You worshipped Xom.
You were a beloved toy of Xom.
You visited 1 branch of the dungeon, and saw 3 of its levels.

You collected 58 gold pieces.

Inventory:

Hand Weapons
 a - a +0 hand axe of chaos
 e - a +3 short sword
 g - a +4 dagger (weapon)
Armour
 b - a +2 leather armour (worn)
 d - a +0 pair of gloves (worn)
Jewellery
 j - an amulet of magic regeneration (around neck)
Potions
 f - 2 potions of degeneration
 i - a potion of curing {unknown}


   Skills:
 + Level 3.2 Fighting
 * Level 0.6 Short Blades
 - Level 3.0 Axes
 + Level 2.2 Armour
 + Level 1.5 Dodging
 + Level 0.9 Spellcasting


You had 3 spell levels left.
You didn't know any spells.
Your spell library contained the following spells:

 Spells                   Type           Power      Damage    Failure   Level
 Gell's Gravitas          Tloc           0%         N/A       71%         3
 Lesser Beckoning         Tloc           0%         N/A       71%         3
 Teleport Other           Tloc           0%         N/A       71%         3


Dungeon Overview and Level Annotations

Branches:
Dungeon (3/15)

Altars:


Innate Abilities, Weirdness & Mutations

You are partially covered in sharp spines.
You are agile. (Dex +2)
You are strong-willed. (Will+)
Your system is resistant to poisons. (rPois)


Message History

You feel aware of your surroundings.
You sensed 1 altar.
It was a scroll of magic mapping.
The kobold hits you but does no damage. The dart slug launches a dart at you.
The slug dart hits you. The dart slug misses you.
An adder comes into view.
The orc shouts!
An orc priest comes into view. It is wielding a +0 trident.
An orc comes into view. It is wielding a +0 hand axe.
The orc shouts!
The adder hisses angrily.
You hear Xom's maniacal laughter.
The orc's +0 hand axe dances into the air!
The orc priest misses something.
The adder bites you.
Found a runed dagger.
The adder is struck by your spines. The adder barely misses you.
An orc comes into view. It is wielding a +0 falchion.
Your +0 hand axe hits the orc but does no damage.
A giant cockroach comes into view.
Found a stone staircase leading up.
Your +0 hand axe completely misses the orc.
Your +0 hand axe hits the orc priest.
The adder closely misses you.
Found a scroll labelled INYBAJEOTA.
The adder is struck by your spines. The adder barely misses you.
Your +0 hand axe hits the orc!
The orc dies!
Your +0 hand axe hits the dart slug.
You see here a +1 dagger of electrocution.
The giant cockroach waves its antennae.
Your +0 hand axe hits the goblin.
Your +0 hand axe hits the giant cockroach.
The adder bites you but does no damage.
A magic dart appears from out of your range of vision.
The magic dart hits your +0 hand axe.
The goblin unwields a +0 hunting sling.
The goblin wields a +0 club.
The goblin barely misses your +0 hand axe.
The goblin hits your +0 hand axe but does no damage.
The orc priest mumbles some strange prayers to Beogh against you.
Beogh smites you!
Ouch! That really hurt!
You die...

*,*,**,,,,,,,,,***,,,,,,,,,,,,
*,*,**,**,,,,,,* ***,,,,,,*,,,
*,*,**,***#+*+** *,,,,,,*,,,
*,*,**,*###.*,* ******,,,,,
****+*,**,#,...#+##### **,,,,
,,,,,,,,*.#.##.......# *,,,,
,,,,,,,,,............#######**,,,
,,,,,,,,,..................# *,,.
,,,,,,,,,......<@S.K(..B...# *,.o
,,,,,,,,,..........o...o...####..
,,,,,,,,*#####......).wg.[....?..
,,,,,,,,* #.......##w.........
********* #.......##..........
#.....?.##.w........
##########.......... #..........
**** #.....§.§.§


You could see an orc priest, an adder, 2 dart slugs, an orc, a giant cockroach,
a goblin, a kobold (ally target) and a friendly +0 hand axe.

Vanquished Creatures
  3 ball pythons
  8 endoplasms
  A giant cockroach (D:1)
  4 goblins (D:1)
  3 hobgoblins (D:1)
  5 jackals (D:1)
  8 kobolds
  A quokka (D:1)
  2 bats
  6 frilled lizards
41 creatures vanquished.

Vanquished Creatures (collateral kills)
  An orc (D:3)
1 creature vanquished.

Grand Total: 42 creatures vanquished

Notes
Turn   | Place    | Note
-------+----------+-------------------------------------------
     0 | D:1      | Sin92 the Demonspawn Chaos Knight began the quest for the
                  | Orb.
     0 | D:1      | Reached XP level 1. HP: 18/18 MP: 1/1
    26 | D:1      | Reached skill level 1 in Dodging
    36 | D:1      | XOM: smoke on damage
   220 | D:1      | XOM: divination: detect items
   316 | D:1      | Gained mutation: You are partially covered in sharp spines.
                  | [demonic ancestry]
   316 | D:1      | Reached XP level 2. HP: 12/24 MP: 2/2
   652 | D:1      | Reached XP level 3. HP: 21/29 MP: 2/4
   703 | D:1      | XOM: silly message
   905 | D:1      | You fall into a shaft and drop 1 floor!
   939 | D:2      | XOM: divination: detect items
  1025 | D:1      | XOM: silly message
  1510 | D:2      | XOM is BORED!
  1510 | D:2      | XOM: noise
  1542 | D:2      | XOM: summons 2 hostile demons
  1554 | D:2      | Gained mutation: You are agile. (Dex +2) [potion of
                  | mutation]
  1554 | D:2      | Gained mutation: You are strong-willed. (Will+) [potion of
                  | mutation]
  1554 | D:2      | Gained mutation: Your system is resistant to poisons.
                  | (rPois) [potion of mutation]
  1568 | D:3      | XOM: noise
  1630 | D:3      | XOM: 1-stop teleportation journey
  1652 | D:3      | Killed from afar by an orc priest

Illustrated notes

Levels and vault maps discovered:
D:1:      doesnt_arrival_eight_statues, layout_loops_corners,
          chequers_serial_rivers_room_b, minmay_pentomino_v2
D:2:      layout_loops_cross, serial_shops, nicolae_lakefront_shop, basic_altar,
          dk_vineyard_3
D:3:      layout_basic, shapermc_ecumenical_altar_hornbeckon,
          nicolae_figureground_sparkle, uniq_robin, uniq_ijyb

Skill      XL: |  1  2 |
---------------+-------+-----
Dodging        | 1 |  1.5
Armour         | 2 |  2.2
Axes           | 3 |  3.0
Fighting       | |  3.2
Short Blades   | |  0.6
Spellcasting   | |  0.9

Action                   || total
-------------------------++-------
Melee: Hand axe          ||    70
       Dagger            ||    37
  Use: Scroll            ||     6
       Potion            ||     1
 Stab: Confused          ||     1
       Sleeping          ||     1
Armor: Leather armour    ||    27
Dodge: Dodged            ||    75
